 Dungeon Crawl Stone Soup version 0.28-a0-1117-g0bdd5ba030 (webtiles) character file.

Game seed: 11267690932481291921

116594 Armakuni the Basher (level 15, -8/121 HPs)
             Began as a Demigod Conjurer on Dec 11, 2021.
             Shot with an arrow by a centaur warrior (22 damage)
             ... on level 15 of the Dungeon.
             The game lasted 01:58:00 (34525 turns).

Armakuni the Basher (Demigod Conjurer)             Turns: 34525, Time: 01:58:00

Health: -8/121     AC: 15    Str: 24    XL:     15   Next: 73%
Magic:  1/34       EV: 14    Int: 43    God:
Gold:   4181       SH:  8    Dex: 15    Spells: 3/35 levels left

rFire   . . .      SeeInvis +   a - +7 flail "Biraphoa" {elec, Int+4 SInv}
rCold   . . .      Faith    .   C - +3 buckler
rNeg    . . .      Spirit   .   j - +0 acid dragon scales
rPois   .          Reflect  .   Q - +2 helmet {Int+3}
rElec   .          Harm     .   B - +0 cloak {Will+}
rCorr   +          Rampage  .   u - +0 pair of fencer's gloves {Riposte Dex+3}
Will    ++...                   w - +0 pair of boots
Stlth   ++........              R - amulet of regeneration
HPRegen 1.10/turn               x - +6 ring of intelligence
MPRegen 0.24/turn               I - +6 ring of intelligence

@: no status effects
A: high mp 1, forlorn, divine attributes
a: no special abilities


You were on level 15 of the Dungeon.
You visited 5 branches of the dungeon, and saw 25 of its levels.
You also visited: Gauntlet and Volcano.

You collected 5101 gold pieces.
You spent 920 gold pieces at shops.

Inventory:

Hand Weapons
 a - the +7 flail "Biraphoa" (weapon) {elec, Int+4 SInv}
   (You found it on level 8 of the Dungeon)

   It occasionally discharges a powerful burst of electricity upon striking a
   foe.
   Int:       It affects your intelligence (+4).
   SInv:      It lets you see invisible.
Missiles
 r - 10 boomerangs of dispersal
 z - a throwing net
 X - 7 curare-tipped darts
Armour
 j - +0 acid dragon scales (worn)
 l - the +3 plate armour of Zyzog {Int+2}
   (You found it on level 6 of the Dungeon)

   Int:       It affects your intelligence (+2).
 u - the +0 pair of fencer's gloves (worn) {Riposte Dex+3}
   (You found it on level 6 of the Lair of Beasts)

   It allows the wearer to riposte with melee weapons, swiftly retaliating
   against missed attacks.
   Dex:       It affects your dexterity (+3).
 w - a +0 pair of boots (worn)
 B - a +0 cloak of willpower (worn)
 C - a +3 buckler (worn)
 Q - a +2 helmet of intelligence (worn)
Jewellery
 x - a +6 ring of intelligence (left hand)
 I - a +6 ring of intelligence (right hand)
 L - a ring of flight
 P - a ring of poison resistance
 R - an amulet of regeneration (around neck)
Wands
 c - a wand of charming (8)
 q - a wand of digging (5)
 t - a wand of flame (7)
 Y - a wand of polymorph (6)
Scrolls
 f - 2 scrolls of vulnerability
 g - 4 scrolls of fear
 m - 6 scrolls of teleportation
 p - a scroll of brand weapon
 v - a scroll of holy word
 A - 2 scrolls of silence
 D - a scroll of summoning
 F - a scroll of enchant armour
 G - 6 scrolls of amnesia
 H - 8 scrolls of identify
 N - a scroll of blinking
 O - 2 scrolls of enchant weapon
 U - 2 scrolls of magic mapping
 Z - 3 scrolls of fog
Potions
 d - 3 potions of mutation
 e - 3 potions of cancellation
 h - 8 potions of curing
 i - a potion of brilliance
 k - 2 potions of might
 n - 3 potions of flight
 o - 6 potions of heal wounds
 E - a potion of lignification
 J - a potion of magic {unknown}
 K - 2 potions of haste
 M - a potion of resistance
Miscellaneous
 y - a lightning rod (3/4)
 V - a phantom mirror
 W - a tin of tremorstones (2/2)


   Skills:
 - Level 8.1 Fighting
 - Level 13.2 Maces & Flails
 - Level 7.2 Armour
 - Level 6.0 Dodging
 - Level 1.7 Stealth
 - Level 4.0 Shields
 - Level 10.5 Spellcasting
 - Level 11.8 Conjurations
 + Level 7.0 Necromancy
 - Level 4.0 Translocations
 - Level 4.0 Ice Magic
 - Level 5.0 Air Magic
 - Level 8.1 Evocations


You had 3 spell levels left.
You knew the following spells:

 Your Spells              Type           Power      Damage    Failure   Level
b - Sublimation of Blood  Necr           70%        N/A       1%          2
c - Scorch                Fire           44%        2d7       2%          2
d - Dispel Undead         Necr           70%        3d24      1%          4
h - Hailstorm             Conj/Ice       74%        3d15      1%          4
l - Lightning Bolt        Conj/Air       38%        1d56      1%          5
m - Iskenderun's Mystic   Conj/Tloc      74%        2d15      1%          4
r - Irradiate             Conj/Tmut      32%        3d24      4%          5
w - Flame Wave            Conj/Fire      65%        2d10      1%          4
z - Searing Ray           Conj           100%       2d8       1%          2

Your spell library contained the following spells:

 Spells                   Type           Power      Damage    Failure   Level
 Magic Dart               Conj           100%       1d8       0%          1
 Freeze                   Ice            100%       1d11      1%          1
 Sting                    Tmut/Pois      88%        1d7       1%          1
 Summon Small Mammal      Summ           88%        N/A       1%          1
 Ensorcelled Hibernation  Hex/Ice        78%        N/A       1%          2
 Poisonous Vapours        Pois/Air       88%        N/A       1%          2
 Static Discharge         Conj/Air       76%        N/A       1%          2
 Dazzling Flash           Conj/Hex       100%       N/A       1%          3
 Frozen Ramparts          Ice            100%       1d12      1%          3
 Mephitic Cloud           Conj/Pois/Air  63%        N/A       1%          3
 Call Imp                 Summ           22%        N/A       2%          2
 Call Canine Familiar     Summ           22%        N/A       4%          3
 Spider Form              Tmut/Pois      22%        N/A       4%          3
 Summon Guardian Golem    Hex/Summ       22%        N/A       4%          3
 Tukima's Dance           Hex            22%        N/A       4%          3
 Airstrike                Air            30%        N/A       1%          4
 Fulminant Prism          Conj/Hex       32%        3d16      1%          4
 Sticky Flame             Conj/Fire      65%        2d8       1%          4
 Passage of Golubria      Tloc           54%        N/A       3%          4
 Summon Lightning Spire   Summ/Air       44%        N/A       6%          4
 Ice Form                 Ice/Tmut       39%        N/A       7%          4
 Olgreb's Toxic Radiance  Pois           22%        N/A       16%         4
 Petrify                  Tmut/Erth      22%        N/A       16%         4
 Simulacrum               Ice/Necr       31%        N/A       26%         6
 Lee's Rapid Deconstruct  Erth           11%        3d9*      41%         5
 Yara's Violent Unravell  Hex/Tmut       11%        3d6       41%         5
 Summon Cactus Giant      Summ           11%        N/A       94%         6
 Chain Lightning          Conj/Air       38%        3d50      100%        9
 Fire Storm               Conj/Fire      32%        8d8       100%        9
 Shatter                  Erth           11%        3d12*     100%        9


Dungeon Overview and Level Annotations

Branches:
Dungeon (15/15)            Temple (1/1) D:4            Lair (6/6) D:10
  Swamp (0/4) Lair:3        Snake (0/4) Lair:2        Slime (0/5) Lair:5
    Orc (2/2) D:9             Elf (1/3) Orc:2        Vaults (0/5) D:13
Volcano (visited)         Gauntlet (visited)
 Depths: D:15

Shops:
Orc:2 ?=?:

Annotations:
D:5 2 transporters, Athor's ghost, novice FoAK


Innate Abilities, Weirdness & Mutations

You have an increased reservoir of magic. (+10% MP)
You shall have no god before yourself.
Your divine heritage dramatically boosts your attributes as you level up.


Message History

Flame seeps out of the orc knight.
The orc knight is almost dead.
The orc knight is knocked back by the mystic blast.
The mystic blast hits the slime creature.
Flame seeps out of the slime creature.
The slime creature is severely wounded.
The slime creature is knocked back by the mystic blast.
The orc explodes!
The fiery explosion engulfs the orc knight!!
The orc knight explodes!
The centaur warrior is engulfed in blazing flames. x2
Aiming: Throw Flame
Press: ? - help, Shift-Dir - straight line, f - deep elf pyromancer
Aim: a deep elf pyromancer, wielding a +0 rapier and wearing a +0 ring mail (almost dead, inner flame, 70% to hit)
The puff of flame hits the deep elf pyromancer!
The deep elf pyromancer explodes!
The centaur warrior wields a +1 longbow of flaming.
It bursts into flame!
The centaur warrior shoots an arrow.
The arrow hits you! The arrow burns you.
Aiming: Throw Flame
Press: ? - help, Shift-Dir - straight line, f - slime creature
Aim: a slime creature (severely wounded, inner flame, 95% to hit)
The puff of flame hits the slime creature!
Flame seeps out of the slime creature.
The slime creature is almost dead.
The slime creature is engulfed in blazing flames.
The slime creature explodes!
The tengu conjurer casts a spell.
The tengu conjurer conjures a globe of magical energy!
Your Necromancy skill increases to level 7!
A battlesphere comes into view.
The centaur warrior shoots an arrow.
The arrow hits you but does no damage.
The centaur warrior shoots an arrow.
The arrow hits you. The arrow burns you.
The centaur warrior shoots an arrow.
You block the arrow.
The tengu conjurer gestures at you while chanting.
The bolt of lightning hits you!!
* * * LOW HITPOINT WARNING * * *
The battlesphere is engulfed in blazing flames.
The centaur warrior shoots an arrow.
The arrow hits you!!
You die...

.#...# .....# #.......##
#....# #........## .....#
#.......... .....# #........
.....# #....... ##
.....#########.....### #.#
.....................##..###
..........<###..@.....#.....
............#...............
...................o......#
...............§§..*......##
...............§§...........
...............§§§...§Q.....
...................☼§§......
............#§§.§§§c#....
...........#...☼§§.# .##


You could see a centaur warrior, a tengu conjurer, an orc warrior (strong) and a
battlesphere.

Vanquished Creatures
  Gastronok (Lair:1)
  A minotaur (Gauntlet)
  Josephine (D:12)
  Snorg (Lair:4)
  Erolcha (D:11)
  8 vault guards (D:13)
  13 hydras
  Erica (D:10)
  7 centaur warriors
  An anaconda (shapeshifter) (D:9)
  A catoblepas (Lair:6)
  2 death knights
  3 two-headed ogres
  Urug (D:11)
  23 death yaks
  6 orc high priests (Orc:2)
  4 tengu warriors
  Sonja (Lair:2)
  3 skeletal warriors (D:15)
  An orange crystal statue (Gauntlet)
  2 lindwurms (Lair:6)
  A wizard (D:15)
  Pikel (D:8)
  2 deep elf pyromancers
  An orc knight (D:15)
  A wolf spider (Lair:6)
  2 oklob plants (Lair:3)
  2 manticores
  6 elephants
  4 cyclopes
  8 black mambas
  A gargoyle (Volcano)
  13 cane toads
  Psyche (D:12)
  2 efreet
  2 unseen horrors (D:12)
  4 rime drakes
  12 komodo dragons
  A minotaur zombie (Gauntlet)
  2 freezing wraiths (D:12)
  A kobold demonologist (D:8)
  2 tengu conjurers
  13 polar bears
  A wind drake (shapeshifter) (D:15)
  7 trolls
  18 blink frogs
  4 raiju (Lair:6)
  5 slime creatures (D:15)
  7 dream sheep
  3 spriggans (Lair:3)
  4 flying skulls (Gauntlet)
  A vampire (D:11)
  51 yaks
  A shadow (D:12)
  7 wraiths
  5 wyverns
  2 fire elementals (Volcano)
  2 steam dragons
  2 basilisks
  6 vampire mosquitoes
  12 wargs
  5 nagas (Lair:2)
  2 acid dragons
  10 hell hounds (Lair:6)
  14 water moccasins
  A swamp worm (Lair:3)
  22 orc warriors
  12 black bears
  2 necrophages
  An ice beast (D:5)
  2 sky beasts (D:7)
  26 wolves
  16 ogres
  28 centaurs
  4 phantoms
  A lemure (D:8)
  3 kobold brigands
  17 bullfrogs
  6 gnoll sergeants
  A scorpion (D:6)
  A water moccasin skeleton (D:5)
  A wyvern zombie (D:9)
  6 killer bees (D:9)
  6 wights
  2 electric eels
  13 howler monkeys
  A bullfrog zombie (D:6)
  3 centaur zombies
  A centaur skeleton (D:5)
  6 gnoll shamans
  10 hounds
  40 orc priests
  7 iguanas
  26 orc wizards
  30 gnolls
  A howler monkey skeleton (D:7)
  6 howler monkey zombies
  5 adders
  2 shadow imps
  An ufetubus (D:6)
  2 adder skeletons
  4 worms
  A dart slug (D:3)
  93 orcs
  9 ball pythons
  6 bats
  6 endoplasms
  A giant cockroach (D:1)
  5 goblins
  8 hobgoblins
  2 frilled lizards
  9 kobolds
  5 rats
  A bush (Lair:6)
795 creatures vanquished.

Vanquished Creatures (collateral kills)
  Rupert (Orc:1)
  A catoblepas (Lair:4)
  A death yak (Lair:6)
  A wraith (D:12)
  3 vampire mosquitoes (D:12)
  3 hell hounds (Lair:6)
  A wolf (Lair:6)
  A gnoll sergeant (D:8)
12 creatures vanquished.

Vanquished Creatures (others)
  A two-headed ogre (D:10)
  An ugly thing (D:12)
  A black mamba (Lair:4)
  A warg (Lair:6)
  2 wolves (Lair:3)
  24 fungi
  93 plants
123 creatures vanquished.

Grand Total: 930 creatures vanquished

Notes
Turn   | Place    | Note
-------+----------+-------------------------------------------
     0 | D:1      | Armakuni the Demigod Conjurer began the quest for the Orb.
     0 | D:1      | Reached XP level 1. HP: 14/14 MP: 5/5
   814 | D:1      | Reached XP level 2. HP: 20/20 MP: 1/7
   817 | D:1      | Learned a level 2 spell: Searing Ray
  1588 | D:2      | Reached XP level 3. HP: 17/26 MP: 3/8
  2533 | D:3      | Noticed a necrophage
  2539 | D:3      | Killed a necrophage
  2540 | D:3      | Reached skill level 5 in Conjurations
  2540 | D:3      | Reached XP level 4. HP: 16/33 MP: 1/9
  2994 | D:3      | Reached XP level 5. HP: 38/38 MP: 6/10
  3915 | D:4      | Noticed an ogre
  3927 | D:4      | Killed an ogre
  4120 | D:4      | Reached XP level 6. HP: 41/45 MP: 1/11
  4361 | D:4      | Found a staircase to the Ecumenical Temple.
  4377 | Temple   | Entered the Ecumenical Temple
  4681 | D:4      | Learned a level 4 spell: Iskenderun's Mystic Blast
  5101 | D:5      | Entered Level 5 of the Dungeon
  5435 | D:5      | Reached skill level 1 in Armour
  5594 | D:5      | Reached XP level 7. HP: 50/50 MP: 3/12
  5631 | D:5      | Found a transporter.
  6047 | D:5      | Found a transporter.
  6047 | D:5      | Noticed Athor's ghost (novice FoAK)
  6595 | D:6      | Reached XP level 8. HP: 57/57 MP: 5/13
  7029 | D:6      | Identified the +3 plate armour of Zyzog {Int+2}
  8068 | D:7      | Reached skill level 5 in Armour
  9162 | D:7      | Noticed a troll
  9170 | D:7      | Killed a troll
  9171 | D:7      | Reached XP level 9. HP: 58/62 MP: 10/18
  9670 | D:8      | Learned a level 4 spell: Hailstorm
  9879 | D:9      | Found a staircase to the Orcish Mines.
  9952 | D:9      | Reached skill level 1 in Ice Magic
 10129 | D:9      | Noticed a two-headed ogre
 10133 | D:9      | Reached skill level 5 in Spellcasting
 10137 | D:9      | Killed a two-headed ogre
 10465 | D:8      | Identified a scroll of acquirement
 10465 | D:8      | Acquired 1135 gold pieces
 10707 | D:8      | Identified the +7 flail "Biraphoa" {elec, Int+4 SInv}
 10899 | D:9      | Identified the +4 scale mail of the Moon Troll {Rampage rC+
                  | rN+ Dex-5}
 10976 | D:9      | Reached XP level 10. HP: 66/69 MP: 24/24
 11263 | D:9      | Noticed an anaconda
 11273 | D:9      | Killed an anaconda
 11274 | D:9      | Reached skill level 10 in Conjurations
 11976 | D:8      | Reached skill level 1 in Maces & Flails
 11976 | D:8      | Reached skill level 1 in Translocations
 12425 | D:8      | Noticed Pikel
 12436 | D:8      | Killed Pikel
 12437 | D:8      | Reached skill level 2 in Maces & Flails
 12651 | D:8      | Reached skill level 3 in Maces & Flails
 13064 | D:9      | Reached XP level 11. HP: 59/74 MP: 22/28
 13608 | D:10     | Entered Level 10 of the Dungeon
 13634 | D:10     | Reached skill level 4 in Maces & Flails
 13670 | D:9      | Reached skill level 5 in Maces & Flails
 13850 | D:10     | Reached skill level 6 in Maces & Flails
 13973 | D:10     | Found a staircase to the Lair.
 14157 | D:10     | Noticed Erica
 14164 | D:10     | Noticed a two-headed ogre
 14349 | D:10     | Killed Erica
 14434 | D:10     | Reached skill level 7 in Maces & Flails
 14873 | D:11     | Noticed a two-headed ogre
 14881 | D:11     | Killed a two-headed ogre
 14882 | D:11     | Reached skill level 8 in Maces & Flails
 15003 | D:11     | Noticed Urug
 15026 | D:11     | Killed Urug
 15265 | D:11     | Noticed an eight-headed hydra
 15273 | D:11     | Killed an eight-headed hydra
 15441 | D:11     | Reached skill level 9 in Maces & Flails
 16127 | D:11     | Noticed Erolcha
 16138 | D:11     | Killed Erolcha
 16351 | D:12     | Noticed a death knight
 16530 | D:12     | Reached skill level 10 in Maces & Flails
 16657 | Lair:1   | Entered Level 1 of the Lair of Beasts
 16733 | Lair:1   | Reached XP level 12. HP: 63/81 MP: 14/29
 17080 | Lair:1   | Reached skill level 11 in Maces & Flails
 17093 | Lair:1   | Noticed a four-headed hydra
 17099 | Lair:1   | Killed a four-headed hydra
 17492 | Lair:1   | Noticed Gastronok
 17514 | Lair:1   | Killed Gastronok
 18212 | Lair:2   | Reached skill level 12 in Maces & Flails
 18609 | Lair:2   | Found a dark tunnel.
 18614 | Volcano  | Entered a volcano
 18640 | Volcano  | Identified the +1 pair of boots of the First Knaves {rC+
                  | rN++ rCorr Int-5}
 18973 | Lair:2   | You are sucked into a shaft and drop 2 floors!
 18973 | Lair:4   | Noticed Snorg
 18978 | Lair:4   | Killed Snorg
 19184 | Lair:4   | Noticed a four-headed hydra
 19185 | Lair:4   | Noticed a catoblepas
 19197 | Lair:4   | Killed a four-headed hydra
 19201 | Lair:4   | Killed a catoblepas
 19428 | Lair:4   | Acquired 642 gold pieces
 20437 | Lair:3   | Reached XP level 13. HP: 86/86 MP: 19/31
 20913 | Lair:2   | Noticed Sonja
 20925 | Lair:2   | Found a staircase to the Snake Pit.
 21079 | Lair:2   | Killed Sonja
 21080 | Lair:2   | Reached skill level 10 in Spellcasting
 21850 | Lair:3   | Reached skill level 13 in Maces & Flails
 22012 | Lair:3   | Found a staircase to the Swamp.
 22626 | Lair:5   | Found a gate leading to a gauntlet.
 22642 | Gauntlet | Entered a Gauntlet
 22642 | Gauntlet | Found a transporter.
 22642 | Gauntlet | Found a transporter.
 22693 | Gauntlet | Found a transporter.
 22697 | Gauntlet | Found a transporter.
 22705 | Gauntlet | Found a transporter.
 22709 | Gauntlet | Found a transporter.
 22720 | Gauntlet | Found a transporter.
 22733 | Gauntlet | Found a transporter.
 22748 | Gauntlet | Found a transporter.
 22751 | Gauntlet | Found a transporter.
 22753 | Gauntlet | Found a runed translucent door.
 22755 | Gauntlet | Found a runed translucent door.
 22759 | Gauntlet | Found a transporter.
 22763 | Gauntlet | Found a transporter.
 23010 | Gauntlet | Noticed a minotaur
 23025 | Gauntlet | Killed a minotaur
 23450 | Lair:5   | Reached skill level 1 in Fighting
 23450 | Lair:5   | Reached skill level 1 in Evocations
 24718 | Lair:5   | Found a staircase to the Slime Pits.
 24755 | Lair:5   | Identified the +0 chain mail of Circular Logic {rN+ rCorr
                  | Str+2}
 25087 | Lair:6   | Entered Level 6 of the Lair of Beasts
 25774 | Lair:6   | Reached XP level 14. HP: 105/105 MP: 21/33
 25854 | Lair:6   | Reached skill level 5 in Fighting
 25854 | Lair:6   | Reached skill level 5 in Evocations
 27412 | Lair:6   | Found the +0 pair of fencer's gloves {Riposte Dex+3}
 28738 | Orc:1    | Entered Level 1 of the Orcish Mines
 28993 | Orc:2    | Entered Level 2 of the Orcish Mines
 28996 | Orc:2    | Noticed Rupert
 29018 | Orc:1    | Killed Rupert
 29019 | Orc:1    | Reached skill level 5 in Dodging
 29134 | Orc:2    | Found a staircase to the Elven Halls.
 29496 | Orc:2    | Found Uhiu's Magic Scroll Emporium.
 29496 | Orc:2    | Found Onuch's Book Shop.
 29499 | Orc:2    | Reached XP level 15. HP: 107/121 MP: 29/34
 29685 | Orc:2    | Found Queptex's Magic Scroll Emporium.
 29685 | Orc:2    | Found Xil Jiah's Jewellery Shop.
 29691 | Orc:2    | Bought a scroll of amnesia for 38 gold pieces
 29691 | Orc:2    | Bought a scroll of magic mapping for 38 gold pieces
 29691 | Orc:2    | Bought a scroll of fog for 22 gold pieces
 29691 | Orc:2    | Bought a scroll of fog for 22 gold pieces
 29700 | Orc:2    | Bought an amulet of regeneration for 540 gold pieces
 30072 | Orc:1    | Reached skill level 1 in Shields
 30100 | Orc:1    | Learned a level 5 spell: Lightning Bolt
 30106 | Orc:1    | Learned a level 5 spell: Irradiate
 30109 | Orc:1    | Learned a level 2 spell: Sublimation of Blood
 30451 | Orc:2    | Bought a book of Touch for 260 gold pieces
 30457 | Orc:2    | Learned a level 4 spell: Dispel Undead
 30486 | Elf:1    | Entered Level 1 of the Elven Halls
 30581 | D:12     | Noticed Josephine
 30613 | D:12     | Killed Josephine
 30615 | D:12     | Reached skill level 1 in Necromancy
 30615 | D:12     | Reached skill level 1 in Air Magic
 31486 | D:12     | Noticed Psyche
 31488 | D:12     | Killed Psyche
 32187 | D:13     | Found a gate to the Vaults.
 33432 | D:14     | Identified the +1 robe "Ichatocw" {Int+7}
 33547 | D:14     | Reached skill level 5 in Air Magic
 33725 | D:14     | Reached skill level 5 in Necromancy
 34179 | D:15     | Entered Level 15 of the Dungeon
 34473 | D:15     | Learned a level 4 spell: Flame Wave
 34476 | D:15     | Learned a level 2 spell: Scorch
 34525 | D:15     | Shot with an arrow by a centaur warrior

Illustrated notes

Levels and vault maps discovered:
D:1:      elethiomel_arrival_quiet, layout_loops_ring, serial_co_window_serial,
          co_window_paths_b, co_window_paths_b, co_window_corner_a,
          co_window_paths_b, co_window_cross_1, co_window_corner_b,
          co_window_2corner, co_window_unsneaky_path_b, co_window_paths_d,
          glass_columns_b, glass_columns_b, glass_columns_c, glass_columns_a,
          dreamdust_ecumenical_altar_grove
D:2:      layout_basic
D:3:      layout_basic, mainiacjoe_overflow_alcove_2, mainiacjoe_overflow_paths,
          fountainhead, st_stairs_5
D:4:      layout_gridville, minmay_temple_entry_tees
D:5:      layout_basic, old_standard_altar, gammafunk_ghost_stat_death
D:6:      layout_layer_cave, serial_bayou_pond_e
D:7:      layout_basic, makhleb_heckhound_becter, general_overflow_altar,
          serial_aquarium, aquarium_bridge_long_joined [aquarium_subvault_wall,
          aquarium_subvault_wall, aquarium_subvault_window,
          aquarium_subvault_wall, aquarium_subvault_bridge,
          aquarium_subvault_balcony], aquarium_bridge_square
          [aquarium_subvault_balcony, aquarium_subvault_bridge,
          aquarium_subvault_wall, aquarium_subvault_bridge],
          aquarium_window_corner, aquarium_window_corner, aquarium_window_1,
          aquarium_view_2d, aquarium_pool_S, serial_park_tiny_1
D:8:      lemuel_castle_with_subvaults [lemuel_castle_interior_carwin_1],
          layout_cave_pods, minmay_misc_feat_four_crosses, minivault_1,
          uniq_pikel
D:9:      wad_guarded_room, layout_loops_corners, mainiacjoe_overflow_boulevard,
          mainiacjoe_overflow_alcove_1, orc_0_dummy
D:10:     layout_big_octagon, xom_butterflies, erik_lair_orcish_takeover,
          uniq_erica
D:11:     layout_roguey, special_room [special_room_orc], serial_aquarium,
          aquarium_bridge_square [aquarium_subvault_bridge,
          aquarium_subvault_bridge, aquarium_subvault_wall,
          aquarium_subvault_balcony], aquarium_bridge_long_joined
          [aquarium_subvault_bridge, aquarium_subvault_window,
          aquarium_subvault_bridge, aquarium_subvault_window,
          aquarium_subvault_bridge, aquarium_subvault_bridge],
          aquarium_window_1, aquarium_window_corner, aquarium_view_2e,
          aquarium_view_2d, minmay_variable_closet, minmay_starry_boxes,
          uniq_urug, uniq_erolcha
D:12:     layout_irregular_city, uniq_josephine, uniq_psyche
D:13:     layout_irregular_city, erik_vaults_2, trog_ov_bears_minmay
D:14:     layout_stronghold, lemuel_round_altar
D:15:     grunt_enter_depths_snipers, layout_cave_pools,
          chequers_serial_rivers_micro_a
Temple:   jpeg_temple_clearing
Lair:1:   layout_long_grid, uniq_gastronok
Lair:2:   layout_roguey, minmay_snake_entry_guardpost_medium, enter_volcano_4,
          uniq_sonja
Lair:3:   dpeg_oklob_gauntlet, layout_long_grid, palyth_hydra_swamp_entry,
          wad_woods_02, serial_bayou_shore_a
Lair:4:   layout_roguey, grunt_megastairs_1, uniq_snorg
Lair:5:   layout_cellular_growth, dpeg_slime_entry_enclosed_altar,
          gauntlet_entry_generic, grunt_forest_small_clearings,
          chequers_serial_rivers_large_a, grunt_megastairs_3, lemuel_fruit_tree
Lair:6:   hangedman_lair_caniforms_friends, layout_regular_city,
          hangedman_lair_in_review, nicolae_lair_grazing_beasts
          [nicolae_sub_lair_graze_edge, nicolae_sub_lair_graze_edge,
          nicolae_sub_lair_graze_edge, nicolae_sub_lair_graze_edge]
Orc:1:    layout_caves, minmay_orc_keep
Orc:2:    st_orc_town, layout_diamond_mine, uniq_rupert
Elf:1:    minmay_elf_arrival_plus, layout_gridlike, minivault_28,
          dk_noncrumbling_2

Skill      XL: |  1  2  3  4  5  6  7  8  9 10 11 12 13 14 15 |
---------------+----------------------------------------------+-----
Conjurations   | 4 5 6 8 9 10 11 | 11.8
Armour         | 2 4 6 7 |  7.2
Spellcasting   | 4 6 8 9 10 | 10.5
Ice Magic      | 4 |  4.0
Maces & Flails | 3 10 12 13 | 13.2
Translocations | 3 4 |  4.0
Fighting       | 4 8 |  8.1
Evocations     | 4 8 |  8.1
Dodging        | 5 6 |  6.0
Shields        | 4 |  4.0
Necromancy     | 7 |  7.0
Air Magic      | 5 |  5.0
Stealth        | |  1.7

Action                   |  1- 3 |  4- 6 |  7- 9 | 10-12 | 13-15 || total
-------------------------+-------+-------+-------+-------+-------++-------
Melee: Dagger            |    17 |     1 |       |       |       ||    18
       Falchion          |       |     2 |    13 |       |       ||    15
       Flail             |       |       |     2 |   234 |   423 ||   659
Throw: Dart              |       |       |       |       |     1 ||     1
 Cast: Magic Dart        |    19 |       |       |       |       ||    19
       Searing Ray       |    27 |    43 |    74 |   117 |    53 ||   314
       Hailstorm         |       |       |     3 |    55 |   124 ||   182
       Iskenderun's Myst |       |       |     3 |    85 |   188 ||   276
       Lightning Bolt    |       |       |       |       |    55 ||    55
       Sublimation of Bl |       |       |       |       |     7 ||     7
       Dispel Undead     |       |       |       |       |     2 ||     2
Evoke: Wand              |       |       |     9 |    38 |    44 ||    91
       Piece from Xom's  |       |       |       |     2 |     2 ||     4
       Lightning rod     |       |       |       |     7 |    19 ||    26
       Tin of tremorston |       |       |       |       |     3 ||     3
       Phantom mirror    |       |       |       |       |     1 ||     1
  Use: Scroll            |       |     4 |     8 |    14 |    13 ||    39
       Potion            |       |       |       |     5 |     2 ||     7
 Stab: Distracted        |       |       |       |     1 |     1 ||     2
       Paralysed         |       |       |       |       |     2 ||     2
       Petrifying        |       |       |       |       |     1 ||     1
       Sleeping          |       |       |       |       |     1 ||     1
Armor: Robe              |    13 |       |       |       |       ||    13
       Leather armour    |       |     3 |     9 |       |       ||    12
       Troll leather arm |       |       |     5 |    74 |   177 ||   256
       Acid dragon scale |       |       |       |       |    85 ||    85
Dodge: Dodged            |    33 |    28 |   103 |   354 |   435 ||   953
Block: Buckler           |       |       |       |    71 |   235 ||   306
       Rpst.: Flail      |       |       |       |       |    43 ||    43

Table legend: (Time is in decaauts)
 A = Elapsed time spent in this place.
 B = Non-inter-level travel time spent in this place.
 C = Inter-level travel time spent in this place.
 D = Time resting spent in this place.
 E = Time spent auto-exploring this place.
 F = Levels seen in this place.
 G = Mean time per level.
                   A        B        C        D        E       F      G
               +--------+--------+--------+--------+--------+-----+--------+
         Total |  34595 |  33211 |   1384 |   8441 |  17636 |  27 | 1281.3 |
       Dungeon |  20662 |  20011 |    651 |   5022 |  11099 |  15 | 1377.5 |
        Temple |     63 |     63 |      0 |     62 |      0 |   1 |   63.0 |
          Lair |  11173 |  10581 |    592 |   2935 |   5223 |   6 | 1862.2 |
  Orcish Mines |   1782 |   1642 |    140 |     44 |   1129 |   2 |  891.0 |
   Elven Halls |      5 |      5 |      0 |      0 |      0 |   1 |    5.0 |
       Volcano |    272 |    272 |      0 |     93 |      2 |   1 |  272.0 |
      Gauntlet |    634 |    634 |      0 |    285 |    182 |   1 |  634.0 |
               +--------+--------+--------+--------+--------+-----+--------+

Top non-repeatable levels by time:
  Lair:6: 2606 daAuts
  Lair:5: 2483 daAuts
     D:8: 2311 daAuts
     D:9: 2049 daAuts
  Lair:1: 1798 daAuts
  Lair:3: 1787 daAuts
    D:11: 1684 daAuts
     D:3: 1652 daAuts
     D:7: 1501 daAuts
     D:4: 1485 daAuts
     D:6: 1431 daAuts
    D:14: 1259 daAuts
  Lair:2: 1255 daAuts
    D:12: 1255 daAuts
     D:5: 1254 daAuts
